AoeStats
← gg_Karlinx

Arabia

510558810Analyzed
1v1 RM · 1d ago on Oct 1, 2026· 28m 45s· 2 players
Game mode
Random Map
Map size
Tiny (2 player)
Population
200
Speed
Normal
Resources
Standard
Victory
Conquest
Starting age
Dark Age
Ending age
Imperial Age
RankedLock teamsTeams togetherTeam positionsShared explorationLock speedFull tech treeHidden civsTurbo modeCheats
Victory
Defeat
🇨🇿 Khitans · Czechia
1287
+16
🇨🇱 Mongols · Chile
1282
-16
pablothe.o7
2:17 Loom
8:31 Feudal Age
8:46 Man-at-Arms
14:58 Fletching
15:23 Horse Collar
16:57 Padded Archer Armor
18:50 Forging
24:52 Castle Age
25:49 Thumb Ring
25:16 Crossbowman
26:48 Bodkin Arrow
28:16 Leather Archer Armor
gg_Karlinx
6:22 Loom
9:39 Feudal Age
16:45 Scale Barding Armor
24:44 Castle Age
22:42 Double-Bit Axe
23:56 Forging
24:14 Gold Mining
24:13 Domestication
25:49 Chain Barding Armor
Connection lost

Rejoining the realm…

Still unreachable

The connection could not be restored.

Session expired

The server has moved on; the page needs a fresh start.